 Dungeon Crawl Stone Soup version 0.32-a0-732-ga344392067 (webtiles) character file.

Game seed: 9824583374532406291

821 cforsyth the Chopper (level 7, -9/61 HPs)
             Began as a Mountain Dwarf Cinder Acolyte on Mar 16, 2024.
             Was a High Priest of Ignis.
             Mangled by an ogre
             ... wielding a +0 giant club
              (24 damage)
             ... on level 5 of the Dungeon.
             The game lasted 00:08:49 (5354 turns).

cforsyth the Chopper (MDCA)                         Turns: 5354, Time: 00:08:50

Health: -9/61      AC:  3    Str: 25    XL:     7   Next: 63%
Magic:  11/11      EV: 10    Int: 14    God:    Ignis [*****.]
Gold:   245        SH:  0    Dex:  5    Spells: 10/12 levels left

rFire   + + .        x - +8 falchion of the Hungering Gods {flame, rElec rF+}
rCold   . . .        (no shield)
rNeg    . . .        b - +0 robe
rPois   .            (no helmet)
rElec   +            w - +0 cloak
rCorr   .            (no gloves)
SInv    .            (no boots)
Will    .....        k - amulet of regeneration
Stlth   +            S - +6 ring of strength
HPRegen 1.10/turn    (no ring)
MPRegen 0.12/turn

%: no passive effects
@: no status effects
A: runic magic, artefact enchanting
a: Renounce Religion, Fiery Armour, Foxfire Swarm, Rising Flame


You were on level 5 of the Dungeon.
You worshipped Ignis.
Ignis was extremely pleased with you.
You visited 2 branches of the dungeon, and saw 6 of its levels.

You collected 245 gold pieces.


Innate Abilities, Weirdness & Mutations

Your spellcasting is much less encumbered by armour.
You can use scrolls of enchantment on lesser artefacts.


   Skills:
 + Level 5.3 Fighting
 + Level 5.9 Axes
 + Level 3.8 Armour
 + Level 3.2 Spellcasting
 + Level 5.8 Fire Magic


You had 10 spell levels left.
You knew the following spells:

 Your Spells              Type           Power      Damage    Failure   Level
X - Scorch                Fire           36%        2d6       2%          2

Your spell library contained the following spells:

 Spells                   Type           Power      Damage    Failure   Level
 Call Imp                 Summ           4%         N/A       32%         2
 Sublimation of Blood     Necr           2%         N/A       32%         2
 Gell's Gravitas          Tloc           2%         N/A       54%         3
 Teleport Other           Tloc           2%         N/A       54%         3
 Iskenderun's Battlesphe  Conj           2%         2d6       99%         5
 Bombard                  Conj/Erth      1%         9d1       100%        6
 Dispersal                Tloc           1%         N/A       100%        6
 Spellforged Servitor     Conj/Summ      1%         N/A       100%        7
 Summon Hydra             Summ           1%         N/A       100%        7

Inventory:

Hand Weapons
 a - a -1 hand axe of flaming
 n - the +2 long sword of Gravity {flame, rC++}
   (You found it on level 3 of the Dungeon)

   rC++:      It greatly protects you from cold.
 q - a +0 war axe
 x - the +8 falchion of the Hungering Gods (weapon) {flame, rElec rF+}
   (You found it on level 4 of the Dungeon)

   rF+:       It protects you from fire.
   rElec:     It insulates you from electricity.
Armour
 b - a +0 robe (worn)
 w - a +0 cloak (worn)
Magical Staves
 j - a staff of alchemy {!a}
Jewellery
 k - an amulet of regeneration (around neck)
 S - a +6 ring of strength (left hand)
Wands
 y - a wand of polymorph (7)
Scrolls
 d - a scroll of vulnerability {unknown}
 i - 4 scrolls of identify {unknown}
 m - a scroll of teleportation {unknown}
 o - a scroll of noise {unknown}
 p - a scroll of fog {unknown}
 r - a scroll of acquirement {unknown}
 s - a scroll of enchant weapon
 v - 2 scrolls of poison {unknown}
Potions
 c - a potion of enlightenment {unknown}
 e - a potion of degeneration {unknown}
 f - a potion of might {unknown}
 g - a potion of lignification {unknown}
 h - a potion of heal wounds {@q2}
 l - a potion of haste {unknown}
 t - 2 potions of cancellation {unknown}
 u - a potion of curing {unknown}

Dungeon Overview and Level Annotations

Branches:
Dungeon (5/15)             Temple (1/1) D:4

Altars:
Ashenzari
Cheibriados
Dithmenos
Elyvilon
Fedhas
Gozag
Hepliaklqana
Kikubaaqudgha
Makhleb
Nemelex Xobeh
Okawaru
Qazlal
Ru
Sif Muna
Trog
Uskayaw
Vehumet
Wu Jian
Xom
Yredelemnul
Zin
The Shining One

Shops:
D:4

* ...## ##..ß..####
....## #...⚑.....# .....#
#.........# .....#
#.........# .....#
#....[....# .....#
##.........#
.....########......<...#
................O......#
....÷####...##.o@......#
.....#....####.........#
.l.....#### #######.###
......## #.# .....## #.#
....## ######.##
....######## ##...#...##
#..........###......(..##
###.....[..##...........#


You could see an ogre and an orc wizard.


Message History

There is a stone staircase leading up, spattered with blood here.
You hit the ogre. You burn the ogre.
The ogre is moderately wounded.
The ogre hits you with a +0 giant club!
* * * LOW HITPOINT WARNING * * *
You hit the ogre. You burn the ogre.
The ogre is moderately wounded.
The ogre hits you with a +0 giant club!!
* * * LOW HITPOINT WARNING * * *
The orc wizard points at you and mumbles some strange words.
You easily resist.
Unknown command.
Okay, then.
Okay, then.
Okay, then.
It was a potion of heal wounds.
You feel much better. The ogre hits you with a +0 giant club.
* * * LOW HITPOINT WARNING * * *
Okay, then.
Okay, then.
Okay, then.
Unknown command.
As you read the scroll labelled MUCKECVAG, it crumbles to dust.
It is a scroll of enchant weapon.
The +7 falchion of the Hungering Gods {flame, rElec rF+} glows red for a moment.
The orc wizard hits you with a +0 dagger.
* * * LOW HITPOINT WARNING * * *
The ogre hits you with a +0 giant club!!
You die...
Ignis goes out, and joins you in death.

Skill      XL: |  1  2  3  4  5  6  7 |
---------------+----------------------+-----
Armour         | 1 2 3 |  3.8
Axes           | 4 5 |  5.9
Fire Magic     | 4 5 |  5.8
Fighting       | 4 5 |  5.3
Spellcasting   | 2 3 |  3.2

Action                     |  1- 3 |  4- 6 |  7- 9 || total
---------------------------+-------+-------+-------++-------
  Melee: Hand axe          |    54 |     6 |       ||    60
         Long sword        |       |    54 |    14 ||    68
         Falchion          |       |       |     2 ||     2
   Cast: Scorch            |    29 |    59 |    18 ||   106
    Use: Scroll            |       |       |     1 ||     1
         Potion            |       |       |     1 ||     1
 Armour: Robe              |    51 |    98 |    21 ||   170
  Dodge: Dodged            |    37 |    57 |    13 ||   107

Levels and vault maps discovered:
D:1:      onia_arrival_zoo_common, layout_loops_corners,
          hellmonk_ecumenical_altar_dog_temple
D:2:      layout_loops_ring, hangedman_decor_points
D:3:      layout_loops_ring, serial_forest, infiniplex_forest_lined_3,
          infiniplex_forest_lined_2, infiniplex_forest_3_way,
          infiniplex_forest_lined_corner, infiniplex_forest_lined_2,
          infiniplex_forest_lined_4_way, infiniplex_forest_end_1,
          infiniplex_forest_end_3, infiniplex_forest_straight_2
D:4:      layout_basic, minmay_temple_entry_ruins, nicolae_shop_clearance,
          uniq_grinder
D:5:      layout_rooms, chequers_temple_overflow_statue_of_worship,
          minmay_fractal_squares_gapless_5
Temple:   mainiacjoe_temple_cubbyholes

Notes
Turn   | Place    | Note
-------+----------+-------------------------------------------
     0 | D:1      | cforsyth the Mountain Dwarf Cinder Acolyte began the quest
                  | for the Orb.
     0 | D:1      | Reached XP level 1. HP: 19/19 MP: 2/2
     6 | D:1      | Noticed a mana viper
     6 | D:1      | Noticed a hound
     6 | D:1      | Noticed a killer bee
     7 | D:1      | Noticed an eight-headed hydra
     7 | D:1      | Noticed a polar bear
   236 | D:1      | Found a faded altar of an unknown god.
   312 | D:1      | Reached XP level 2. HP: 26/26 MP: 3/3
   355 | D:1      | Learned a level 2 spell: Scorch
   523 | D:1      | Reached skill level 1 in Armour
   841 | D:1      | Reached skill level 4 in Axes
   873 | D:1      | Reached XP level 3. HP: 31/31 MP: 2/5
  1346 | D:2      | Reached skill level 4 in Fire Magic
  1950 | D:1      | Reached XP level 4. HP: 20/40 MP: 1/6
  2589 | D:3      | Identified the +2 long sword of Gravity {flame, rC++}
  2595 | D:3      | Reached skill level 4 in Fighting
  2904 | D:3      | Reached skill level 2 in Armour
  3060 | D:3      | Reached XP level 5. HP: 46/46 MP: 7/7
  3325 | D:4      | Found a staircase to the Ecumenical Temple.
  3357 | D:4      | Reached skill level 2 in Spellcasting
  3951 | D:4      | Found Ligamn's CLEARANCE SALE!.
  4114 | D:4      | Noticed Grinder
  4120 | D:5      | Entered Level 5 of the Dungeon
  4120 | D:5      | Found a shimmering altar of Xom.
  4172 | D:5      | Identified the +1 leather armour of Failure {Rampage *Slow
                  | rPois rCorr Dex-5}
  4176 | D:5      | Found a snail-covered altar of Cheibriados.
  4213 | D:5      | Reached XP level 6. HP: 53/53 MP: 2/9
  4297 | D:5      | Reached skill level 5 in Axes
  4388 | D:5      | Reached skill level 3 in Armour
  4388 | D:5      | Reached skill level 5 in Fire Magic
  4667 | D:5      | Noticed an ice beast
  4670 | D:5      | Killed an ice beast
  4671 | D:5      | Reached XP level 7. HP: 60/60 MP: 4/11
  4831 | D:4      | Reached skill level 5 in Fighting
  4834 | D:4      | Reached skill level 3 in Spellcasting
  4855 | Temple   | Entered the Ecumenical Temple
  5022 | D:4      | Identified the +7 falchion of the Hungering Gods {flame,
                  | rElec rF+}
  5196 | D:4      | Killed Grinder
  5352 | D:5      | HP: 1/61 [ogre/+0 giant club (27)]
  5354 | D:5      | Mangled by an ogre

Vanquished Creatures
  Grinder (D:4)
  An ice beast (D:5)
  A phantom (D:5)
  A bombardier beetle (D:5)
  3 hounds (D:5)
  5 iguanas
  8 gnolls
  4 adders
  3 dart slugs
  2 ribbon worms (D:4)
  2 orcs (D:4)
  5 endoplasms
  A giant cockroach (D:3)
  6 goblins
  4 hobgoblins
  12 jackals
  6 kobolds
  5 quokkas
  8 ball pythons
  7 bats
  3 frilled lizards (D:1)
  5 rats
93 creatures vanquished.

Table legend: (Time is in decaauts)
 A = Elapsed time spent in this place.
 B = Non-inter-level travel time spent in this place.
 C = Inter-level travel time spent in this place.
 D = Time resting spent in this place.
 E = Time spent auto-exploring this place.
 F = Levels seen in this place.
 G = Mean time per level.
                   A        B        C        D        E       F      G
               +--------+--------+--------+--------+--------+-----+--------+
         Total |   5383 |   5291 |     92 |    503 |   3938 |   6 |  897.2 |
       Dungeon |   5313 |   5221 |     92 |    435 |   3938 |   5 | 1062.6 |
        Temple |     69 |     69 |      0 |     68 |      0 |   1 |   69.0 |
               +--------+--------+--------+--------+--------+-----+--------+

Top non-repeatable levels by time:
     D:1: 1481 daAuts
     D:4: 1112 daAuts
     D:2: 1110 daAuts
     D:3: 894 daAuts
     D:5: 714 daAuts
  Temple: 69 daAuts

Table legend:
 A = Non-vault XP
 B = Vault XP
 C = Vault XP percentage of total XP
 D = Non-vault monster count
 E = Vault monster count
 F = Vault count percentage of total count
                 A         B        C        D         E       F
            +---------+---------+-------+---------+---------+-------
      Total |     854 |     320 |  27.3 |      89 |       4 |   4.3
            +---------+---------+-------+---------+---------+-------
        D:1 |      73 |       4 |   5.2 |      23 |       2 |   8.0
        D:2 |      80 |       0 |   0.0 |      24 |       0 |   0.0
        D:3 |      59 |       0 |   0.0 |      14 |       0 |   0.0
        D:4 |     138 |     316 |  69.6 |      18 |       2 |  10.0
        D:5 |     504 |       0 |   0.0 |      10 |       0 |   0.0
            +---------+---------+-------+---------+---------+-------
